 Dungeon Crawl Stone Soup version 0.31.0-9-g3a7656b989 (webtiles) character file.

Game seed: 14131357783693473491

622610 Strat the Slayer (level 26, -2/160 HPs)
             Began as a Vine Stalker Necromancer on Jan 23, 2024.
             Was the Champion of Uskayaw.
             Slain by a Killer Klown
             ... wielding a +8 club
              (9 damage)
             ... on level 2 of the Realm of Zot on Jan 24, 2024.
             The game lasted 03:48:51 (56447 turns).

Strat the Slayer (Vine Stalker Necromancer)        Turns: 56447, Time: 03:48:51

Health: -2/160     AC: 29    Str: 14 (16) XL:     26   Next: 72%
Magic:  0/38       EV: 19    Int: 26 (29) God:    Uskayaw [******]
Gold:   5288       SH:  6    Dex: 26 (29) Spells: 29/29 levels left

rFire   . . .        a - +9 quick blade of Dishonesty {freeze, rPois rF+ Int+7}
rCold   + . .        C - +0 buckler {reflect}
rNeg    + . .        L - quicksilver dragon scales
rPois   +            Z - +1 helmet of Uruh {rN+ Int+3}
rElec   .            x - +2 cloak
rCorr   .            R - +2 pair of gloves {Dex+3}
SInv    +            i - +2 pair of boots of Nodweagh {Regen+ Dex+4}
Will    ++++.        B - amulet of faith
Stlth   +++++++++    p - +4 ring of protection
HPRegen 2.06/turn    s - ring of Zoviuf {rC+ Int+6 SInv Stlth+}
MPRegen 0.26/turn

%: reflection, guardian spirit, faith
@: about to teleport, fire vulnerable, hasted, studying 3 skills, unable to
drink, very quick
A: fangs 3, regeneration 1, magic shield, antimagic bite, no potion heal 2,
dopey 1
}: 4/15 runes: barnacled, slimy, abyssal, gossamer
a: Renounce Religion, Stomp, Line Pass, Grand Finale


You were on level 2 of the Realm of Zot.
You worshipped Uskayaw.
Uskayaw was greatly pleased with you.
You visited 13 branches of the dungeon, and saw 54 of its levels.
You visited the Abyss 1 time.
You visited 1 bazaar.

You collected 8940 gold pieces.
You spent 3652 gold pieces at shops.

Inventory:

Hand Weapons
 a - the +9 quick blade of Dishonesty (weapon) {freeze, rPois rF+ Int+7}
   (You bought it in a shop on level 8 of the Dungeon)

   Int+7:     It affects your intelligence (+7).
   rF+:       It protects you from fire.
   rPois:     It protects you from poison
 b - the +8 Vampire's Tooth {megavamp}
   (You found it on level 3 of the Crypt)
Missiles
 r - 6 silver javelins
 O - 2 throwing nets
 P - 5 javelins (quivered)
Armour
 i - the +2 pair of boots of Nodweagh (worn) {Regen+ Dex+4}
   (You bought it in a shop in a bazaar)

   Dex+4:     It affects your dexterity (+4).
   Regen+:    It increases your rate of health regeneration.
 n - a +2 pair of gloves of hurling
 x - a +2 cloak (worn)
 C - a +0 buckler of reflection (worn)
 L - quicksilver dragon scales (worn)
 R - a +2 pair of gloves of dexterity (worn)
 Z - the +1 helmet of Uruh (worn) {rN+ Int+3}
   (You found it on level 5 of the Pits of Slime)

   Int+3:     It affects your intelligence (+3).
   rN+:       It protects you from negative energy.
Jewellery
 e - a ring of resist corrosion
 g - an amulet of magic regeneration
 p - a +4 ring of protection (left hand)
 s - the ring of Zoviuf (right hand) {rC+ Int+6 SInv Stlth+}
   (You found it on level 3 of the Dungeon)

   [ring of intelligence]

   Int+6:     It affects your intelligence (+6).
   rC+:       It protects you from cold.
   SInv:      It lets you see invisible.
   Stlth+:    It makes you more stealthy.
 B - an amulet of faith (around neck)
 N - the ring of Xoiczaisk {Fly rPois rN+ Str+3}
   (You found it on level 5 of the Pits of Slime)

   [ring of positive energy]

   Str+3:     It affects your strength (+3).
   rPois:     It protects you from poison rN+: It protects you from negative
   energy.
   Fly:       It grants you flight.
 V - a ring of see invisible
 X - the ring "Ivowaim" {*Corrode rN+++ Str+6 Dex+4}
   (You found it on level 5 of the Pits of Slime)

   [ring of strength]

   Str+6:     It affects your strength (+6).
   Dex+4:     It affects your dexterity (+4).
   rN+++:     It renders you almost immune to negative energy.
   *Corrode:  It may corrode you when you take damage.
Talismans
 h - a talisman of death
Wands
 f - a wand of acid (23)
 k - a wand of digging (24)
 y - a wand of flame (90)
 z - a wand of polymorph (31)
 F - a wand of iceblast (67)
 I - a wand of paralysis (63)
 M - a wand of mindburst (31)
Scrolls
 c - 2 scrolls of fear
 d - 8 scrolls of immolation
 m - a scroll of revelation
 o - 6 scrolls of enchant armour
 t - a scroll of brand weapon
 D - 4 scrolls of silence
 H - 4 scrolls of teleportation
 U - 8 scrolls of poison
Potions
 j - 23 potions of curing
 l - 7 potions of lignification
 q - 2 potions of cancellation
 u - 8 potions of mutation
 v - 8 potions of ambrosia
 w - 7 potions of enlightenment
 J - 6 potions of brilliance
 K - 3 potions of might
 S - a potion of berserk rage
 W - 4 potions of resistance
Miscellaneous
 E - a box of beasts
 T - a phantom mirror


   Skills:
 - Level 23.2 Fighting
 - Level 10.0 Short Blades
 - Level 10.0 Armour
 - Level 10.4 Dodging
 - Level 22.0 Stealth
 - Level 4.0 Shields
 - Level 2.1 Spellcasting
 - Level 4.0 Necromancy
 - Level 20.2 Invocations
 + Level 22.8 Shapeshifting


You had 29 spell levels left.
You didn't know any spells.
Your spell library contained the following spells:

 Spells                   Type           Power      Damage    Failure   Level
 Necrotise                Necr           92%        1d8       4%          1
 Kiss of Death            Conj/Necr      52%        2d9       11%         1
 Fugue of the Fallen      Necr           23%        N/A       14%         3
 Vampiric Draining        Necr           23%        2d7       14%         3
 Cigotuvi's Dreadful Rot  Necr/Alch/Air  18%        N/A       22%         2
 Apportation              Tloc           4%         N/A       24%         1
 Foxfire                  Conj/Fire      8%         2x1d4     24%         1
 Freeze                   Ice            8%         1d3       24%         1
 Magic Dart               Conj           8%         1d3       24%         1
 Shock                    Conj/Air       8%         1d3       24%         1
 Slow                     Hex            8%         N/A       24%         1
 Sting                    Conj/Alch      8%         1d3       24%         1
 Summon Small Mammal      Summ           8%         N/A       24%         1
 Blink                    Tloc           4%         N/A       36%         2
 Call Imp                 Summ           4%         N/A       36%         2
 Ensorcelled Hibernation  Hex/Ice        4%         N/A       36%         2
 Jinxbite                 Hex            4%         N/A       36%         2
 Searing Ray              Conj           4%         2d4       36%         2
 Static Discharge         Conj/Air       4%         3-4/arc   36%         2
 Animate Dead             Necr           23%        N/A       43%         4
 Dispel Undead            Necr           23%        3d12      43%         4
 Call Canine Familiar     Summ           2%         N/A       58%         3
 Confusing Touch          Hex            2%         N/A       58%         3
 Frozen Ramparts          Ice            4%         1d1       58%         3
 Gell's Gravitas          Tloc           2%         N/A       58%         3
 Hailstorm                Conj/Ice       2%         3d5       58%         3
 Inner Flame              Hex/Fire       2%         N/A       58%         3
 Mephitic Cloud           Conj/Alch/Air  2%         N/A       58%         3
 Ozocubu's Armour         Ice            2%         N/A       58%         3
 Passwall                 Erth           2%         N/A       58%         3
 Sigil of Binding         Hex            2%         N/A       58%         3
 Stone Arrow              Conj/Erth      4%         3d7       58%         3
 Summon Ice Beast         Ice/Summ       2%         N/A       58%         3
 Swiftness                Air            2%         N/A       58%         3
 Teleport Other           Tloc           2%         N/A       58%         3
 Tukima's Dance           Hex            2%         N/A       58%         3
 Volatile Blastmotes      Fire/Tloc      4%         2d10      58%         3
 Anguish                  Hex/Necr       6%         N/A       71%         4
 Martyr's Knell           Necr/Summ      13%        N/A       71%         4
 Curse of Agony           Necr           23%        N/A       78%         5
 Airstrike                Air            1%         2d(1-17)  94%         4
 Animate Armour           Summ/Erth      4%         N/A       94%         4
 Dimensional Bullseye     Hex/Tloc       1%         N/A       94%         4
 Flame Wave               Conj/Fire      2%         2d4       94%         4
 Fulminant Prism          Conj/Alch      1%         3d5       94%         4
 Ignite Poison            Fire/Alch      2%         N/A       94%         4
 Iskenderun's Mystic Bla  Conj/Tloc      2%         2d3       94%         4
 Manifold Assault         Tloc           2%         N/A       94%         4
 Passage of Golubria      Tloc           2%         N/A       94%         4
 Petrify                  Alch/Erth      2%         N/A       94%         4
 Sticky Flame             Fire/Alch      2%         2d4       94%         4
 Summon Lightning Spire   Summ/Air       2%         N/A       94%         4
 Vhi's Electric Charge    Tloc/Air       4%         N/A       94%         4
 Alistair's Intoxication  Alch           1%         N/A       100%        5
 Arcjolt                  Conj/Air       1%         1d11      100%        5
 Freezing Cloud           Conj/Ice/Air   1%         6-21      100%        5
 Iskenderun's Battlesphe  Conj           2%         2d6       100%        5
 Lee's Rapid Deconstruct  Erth           1%         3d4*      100%        5
 Summon Forest            Summ/Tloc      1%         N/A       100%        5
 Summon Mana Viper        Hex/Summ       2%         N/A       100%        5
 Yara's Violent Unravell  Hex/Alch       1%         3d3       100%        5
 Bombard                  Conj/Erth      1%         9d1       100%        6
 Death Channel            Necr           11%        N/A       100%        6
 Dispersal                Tloc           1%         N/A       100%        6
 Plasma Beam              Fire/Air       1%         2x1d11    100%        6
 Sculpt Simulacrum        Ice/Alch       1%         N/A       100%        6
 Starburst                Conj/Fire      1%         6d3       100%        6
 Summon Cactus Giant      Summ           1%         N/A       100%        6
 Haunt                    Necr/Summ      6%         N/A       100%        7
 Spellforged Servitor     Conj/Summ      1%         N/A       100%        7
 Borgnjor's Revivificati  Necr           11%        N/A       100%        8
 Lehudib's Crystal Spear  Conj/Erth      1%         10d2      100%        8
 Maxwell's Capacitive Co  Air            1%         ∞         100%        8
 Death's Door             Necr           11%        N/A       100%        9
 Polar Vortex             Ice            1%         N/A       100%        9


Dungeon Overview and Level Annotations

Branches:
Dungeon (15/15)            Temple (1/1) D:5            Lair (5/5) D:11
 Shoals (4/4) Lair:2       Spider (4/4) Lair:3        Slime (5/5) Lair:4
    Orc (2/2) D:12            Elf (3/3) Orc:2        Vaults (5/5) D:13
  Crypt (3/3) Vaults:2       Tomb (1/3) Crypt:3      Depths (4/4) D:15
    Zot (2/5) Depths:4

Altars:
Ashenzari
Cheibriados
Dithmenos
Elyvilon
Fedhas
Gozag
Hepliaklqana
Kikubaaqudgha
Makhleb
Nemelex Xobeh
Okawaru
Qazlal
Ru
Sif Muna
Trog
Uskayaw
Vehumet
Wu Jian
Xom
Yredelemnul
Zin
The Shining One
Jiyva

Shops:
D:5 (   D:8 *   D:10 **   D:14 =   Orc:2 =([   Elf:3 :   Shoals:1 !
Vaults:1 (   Vaults:2 :   Vaults:3 ?   Depths:2 *

Portals:
Hell: Depths:1 Depths:2 Depths:3 Depths:4
Abyss: Depths:3
Pandemonium: Depths:2
Ziggurat: Depths:1

Annotations:
D:8 4 transporters
D:14 Agnes
Lair:4 exclusion: oklob plant
Shoals:4 Mara
Spider:2 Donald
Orc:2 Azrael
Elf:2 exclusion: orange crystal statue
Crypt:1 Vv
Crypt:2 Mennas
Crypt:3 Vailuoroe's ghost, veteran GrEE


Innate Abilities, Weirdness & Mutations

You have razor-sharp teeth.
Your natural rate of healing is unusually fast.
When hurt, damage is shared between your health and your magic reserves.
Your bite disrupts and absorbs the magic of your enemies.
Potions cannot restore your health.
You are dopey. (Int -2)


Message History

Unknown command.
You cannot drink potions in your current state!
As you read the scroll of fear, it crumbles to dust.
You assume a fearsome visage.
The Killer Klown resists with almost no effort. x2
The swamp drake looks frightened!
The white draconian looks frightened!
You hit the Killer Klown. You freeze the Killer Klown.
You bite the Killer Klown!
The Killer Klown's magic leaks into the air.
You drain its magic.
You feel invigorated.
You closely miss the Killer Klown. You bite the Killer Klown.
The Killer Klown's magic leaks into the air.
You drain its magic.
You feel invigorated.
The Killer Klown is severely wounded.
The Killer Klown trip-wires you with a +11 club of pain!
* * * LOW HITPOINT WARNING * * *
You writhe in agony.
* * * LOW HITPOINT WARNING * * *
You puncture the Killer Klown! You freeze the Killer Klown.
Your bite misses the Killer Klown. You barely miss the Killer Klown.
You bite the Killer Klown!
The Killer Klown's magic leaks into the air.
You drain its magic.
You feel invigorated.
The Killer Klown is almost dead.
The Killer Klown falters for a moment.
You hit the Killer Klown. You freeze the Killer Klown.
You bite the Killer Klown, but do no damage.
You hit the Killer Klown but do no damage.
You bite the Killer Klown, but do no damage.
The Killer Klown is almost dead.
The Killer Klown hits you with a +11 club of pain!!
* * * LOW HITPOINT WARNING * * *
You writhe in agony.
You cannot drink potions in your current state!
The Killer Klown giggles crazily.
The Killer Klown attacks as it pursues you!
The Killer Klown eye-gouges you but does no damage.
The Killer Klown attacks as it pursues you!
The Killer Klown pounds you with a +8 club!!
You die...

##..#............##
#..##............####
#...#..##........#..#
#......##...##.....#
#......##..###.....#
##......##..# ##^.#.#
........##..# #..#.#
........##..# #..#..
##......##..# #@.#.##
#......##..# #p.#.#
##......##..# ##.p###
#.......#...# #...##
............# #....#
............# #....#
....#.>.....# #....#
....#..##.qd###....#
...##..#.kp.##.....#


You could see 2 Killer Klowns.

Vanquished Creatures
  the Royal Jelly (Slime:5)
  An ancient lich (Vaults:4)
  Saint Roka (Vaults:3)
  4 caustic shrikes (Depths:4)
  A curse toe (Zot:1)
  Jory (Crypt:3)
  A profane servitor (Abyss:3)
  5 golden dragons
  6 bone dragons
  An electric golem (Zot:2)
  Rupert (Orc:1)
  3 hellephants (Abyss:3)
  A shard shrike zombie (Abyss:3)
  12 tentacled monstrosities
  8 liches
  Zenata (Vaults:3)
  A walking earthen tome (Depths:4)
  A walking frostbound tome (Depths:3)
  2 deep elf blademasters
  4 titans
  2 quicksilver dragons
  A walking divine tome (Depths:3)
  13 acid blobs
  6 sphinxes
  17 tentacled starspawn
  2 Executioners (Abyss:3)
  A kraken (Abyss:3)
  3 ancient champions
  4 death cobs
  4 tengu reavers
  5 shadow dragons
  6 storm dragons
  3 azure jellies
  A draconian monk (Zot:1)
  A draconian knight (Zot:2)
  Aizul (Shoals:1)
  3 iron dragons
  10 rockslimes
  4 fire giants
  5 vault wardens
  3 emperor scorpions (Spider:4)
  5 revenants
  2 frost giants
  A balrug (Depths:3)
  A draconian shifter (Zot:1)
  2 draconian scorchers
  6 deep elf sorcerers
  3 ghost moths
  A juggernaut zombie (Crypt:3)
  5 deep elf elementalists
  6 very ugly things
  A reaper (Abyss:3)
  An orc warlord (Vaults:2)
  An angel (Abyss:3)
  3 ghouls
  14 ironbound preservers
  A spriggan defender (Depths:1)
  6 quicksilver oozes
  2 cacodemons
  8 formless jellyfish
  A draconian annihilator (Zot:2)
  A broodmother (Spider:4)
  9 ironbound thunderhulks
  16 stone giants
  19 vampire knights
  An ophan (Abyss:3)
  A rockslime zombie (Crypt:1)
  4 deep elf demonologists
  8 deep elf annihilators
  5 red draconians
  2 green draconians
  3 yellow draconians
  A lorocyproca (Abyss:2)
  4 white draconians
  8 deep elf death magi
  3 spark wasps
  A war gargoyle (Vaults:4)
  3 black draconians
  10 purple draconians
  13 dire elephants
  A green death (Abyss:3)
  2 eidola (Crypt:1)
  11 ettins
  A spectral elf (Elf:3)
  Snorg (Orc:1)
  3 merfolk javelineers
  7 yaktaur captains
  6 merfolk impalers
  17 fire dragons
  A quicksilver dragon zombie (Vaults:4)
  3 entropy weavers
  2 deep elf high priests
  11 jiangshi
  An entropy weaver (shapeshifter) (Abyss:3)
  6 vault guards
  10 great orbs of eyes
  8 hydras
  A peacekeeper (Vaults:4)
  2 catoblepae
  6 rakshasas
  6 spriggan air magi
  8 ice dragons
  7 merfolk aquamancers
  10 ironbound frosthearts
  An ogre mage (Vaults:4)
  A two-headed ogre (shapeshifter) (D:14)
  16 centaur warriors
  2 ghost crabs (Abyss:3)
  2 merfolk avatars
  2 jorogumos (Spider:4)
  A radroach (Spider:4)
  5 two-headed ogres
  11 deep troll shamans
  An alligator snapping turtle (Shoals:4)
  2 death knights
  15 dancing weapons
  6 boulder beetles
  5 satyrs
  9 tengu warriors
  6 death scarabs (Spider:4)
  A hell hog (Abyss:3)
  4 death yaks
  12 deep troll earth magi
  23 thrashing horrors
  A sphinx skeleton (Crypt:3)
  3 demonic crawlers
  8 spriggan berserkers
  15 vampire magi
  2 occultists
  2 sun demons (Depths:3)
  4 orc high priests
  Nergalle (Lair:2)
  A skyshark (shapeshifter) (Depths:4)
  6 hell knights (Depths:3)
  Amaemon (D:8)
  22 skeletal warriors
  4 skysharks
  6 spriggans
  10 deep elf knights
  3 pharaoh ants
  3 shadow wraiths
  A storm dragon zombie (Crypt:3)
  8 iron trolls
  7 sixfirhies
  A bunyip zombie (Crypt:3)
  3 fire crabs
  11 glowing orange brains
  62 deep trolls
  13 wretched stars
  A storm dragon skeleton (Vaults:4)
  8 deep elf archers
  5 shadow demons
  2 swamp dragons (Abyss:3)
  A sun moth (shapeshifter) (Abyss:3)
  11 ironbound convokers
  5 flayed ghosts
  A bunyip skeleton (Abyss:1)
  An orb spider (Spider:4)
  3 golden dragon zombies (Crypt:3)
  9 sea snakes
  An anaconda zombie (Crypt:1)
  A tengu zombie (Depths:2)
  A lightning spire (Abyss:3)
  An anaconda skeleton (Abyss:3)
  4 steelbarb worms
  9 arcanists
  A spectral jorogumo (Spider:4)
  Pikel (D:9)
  A spectral wolf spider (Spider:4)
  36 large abominations
  A broodmother zombie (Spider:4)
  10 necromancers
  5 lindwurms
  8 phantasmal warriors
  21 deep elf pyromancers
  23 harpies
  9 orc knights
  A wolf spider zombie (Spider:4)
  An iron dragon zombie (Depths:2)
  10 wolf spiders
  4 stone giant zombies
  3 orc sorcerers
  12 manticores
  30 deep elf zephyrmancers
  2 shining eyes
  15 cyclopes
  Maurice (D:7)
  19 ugly things
  4 worldbinders
  11 fauns
  7 meliai
  A meliai (shapeshifter) (Abyss:2)
  2 kobold blastminers
  12 moths of wrath
  7 black mambas
  18 elephants
  20 vault sentinels
  2 eyes of devastation (Slime:5)
  4 apocalypse crabs (Abyss:3)
  2 dire elephant zombies
  8 merfolk sirens
  2 molten gargoyles (Lair:5)
  Joseph (D:9)
  An orc zombie (Crypt:3)
  A centaur zombie (Crypt:3)
  2 orange demons
  6 water nymphs
  A torpor snail (Lair:2)
  12 smoke demons
  Maggie (D:7)
  2 cane toads (shapeshifter) (Abyss:3)
  4 gargoyles
  2 rime drakes
  3 unseen horrors
  8 cane toads
  An unseen horror (shapeshifter) (D:14)
  4 centaur skeletons
  2 spectral redbacks (Spider:4)
  6 kobold demonologists
  A dire elephant skeleton (Crypt:3)
  A tormentor (Abyss:3)
  10 komodo dragons
  7 tengu conjurers
  7 freezing wraiths
  5 efreet
  A green draconian zombie (Crypt:1)
  20 yaktaurs
  2 redback zombies (Spider:4)
  2 ice devils
  2 grey draconian skeletons (Crypt:2)
  A harpy zombie (Crypt:3)
  7 trolls
  A red devil (Abyss:3)
  15 ancient zymes
  2 hellwings
  26 merfolk
  4 wind drakes
  4 spectral jumping spiders (Spider:4)
  An iron giant simulacrum (Crypt:3)
  5 tarantellas
  36 blink frogs
  9 hornets
  4 spectral tarantellas (Spider:4)
  A culicivora zombie (Spider:4)
  4 jumping spider zombies (Spider:4)
  6 snapping turtles
  7 jumping spiders
  19 raiju
  A frost giant simulacrum (Depths:2)
  92 slime creatures
  2 ettin zombies (Vaults:2)
  11 dream sheep
  4 glass eyes
  8 culicivoras
  A stone giant simulacrum (Crypt:2)
  4 air elementals
  10 ynoxinuls
  A culicivora (shapeshifter) (D:13)
  2 shadows
  2 centaur simulacra
  8 water elementals
  23 vampires
  7 wraiths
  An ettin skeleton (Vaults:4)
  A black mamba skeleton (Abyss:2)
  19 humans (D:13)
  58 yaks
  8 wyverns
  2 fire bats (Abyss:3)
  4 golden eyes (Abyss:3)
  10 basilisks
  2 steam dragons (Lair:5)
  A tyrant leech zombie (Crypt:1)
  20 redbacks
  5 fire elementals
  2 wargs (Orc:1)
  10 chaos spawn
  8 neqoxecs
  8 vampire mosquitoes
  A yaktaur simulacrum (Vaults:2)
  3 naga zombies
  A glowing shapeshifter zombie (Depths:2)
  Duvessa (D:5)
  15 water moccasins
  5 hell hounds (Lair:5)
  A glowing shapeshifter skeleton (Vaults:4)
  3 naga skeletons
  18 orc warriors
  A sky beast (shapeshifter) (Abyss:3)
  18 laughing skulls
  An ettin simulacrum (Abyss:4)
  A hornet zombie (Crypt:3)
  25 small abominations
  2 black bears
  23 wolves
  5 ogres
  An ogre (shapeshifter) (D:14)
  4 boggarts
  12 centaurs
  3 lemures (D:9)
  2 phantoms
  3 kobold brigands
  Blork the orc (D:6)
  9 bullfrogs
  7 weeping skulls
  A brain worm (Abyss:3)
  A komodo dragon zombie (Crypt:1)
  An earth elemental (Abyss:3)
  4 scorpions
  A naga simulacrum (Crypt:2)
  A necrophage (Crypt:3)
  A spriggan zombie (Crypt:3)
  Dowan (D:5)
  4 electric eels
  4 howler monkeys
  5 lava snakes (Lair:5)
  A crimson imp (Abyss:3)
  A bombardier beetle (D:5)
  9 jellies
  5 quasits
  3 hounds
  12 orc priests
  Crazy Yiuf (D:3)
  4 iron imps
  38 starcursed masses
  Terence (D:2)
  18 orc wizards
  3 sleepcaps
  An iguana (D:5)
  2 ogre skeletons
  Robin (D:2)
  4 gnolls
  10 adders
  4 shadow imps
  19 white imps
  6 ufetubi
  A lava snake skeleton (Crypt:3)
  A dart slug (D:5)
  3 ribbon worms
  58 orcs
  12 endoplasms
  3 giant cockroaches
  25 goblins
  6 hobgoblins
  7 jackals
  29 kobolds
  7 quokkas
  4 ball pythons
  6 bats
  A jackal zombie (Crypt:3)
  3 rats (D:1)
  2 lurking horrors
  7 starspawn tentacles
  4 tentacles (Abyss:3)
2279 creatures vanquished.

Vanquished Creatures (collateral kills)
  2 iron trolls (Depths:2)
  A deep troll (Depths:2)
3 creatures vanquished.

Vanquished Creatures (others)
  A harpy (Shoals:4)
  A blink frog (Abyss:3)
  A golden eye (Abyss:3)
  A water moccasin (shapeshifter) (Abyss:3)
  An ufetubus (Abyss:3)
  4 lurking horrors (Abyss:3)
  24 starspawn tentacles (Abyss:3)
  12 tentacles (Abyss:3)
45 creatures vanquished.

Grand Total: 2327 creatures vanquished

Notes
Turn   | Place    | Note
-------+----------+-------------------------------------------
     0 | D:1      | Strat the Vine Stalker Necromancer began the quest for the
                  | Orb.
     0 | D:1      | Reached XP level 1. HP: 9/9 MP: 4/4
   147 | D:1      | Reached XP level 2. HP: 14/14 MP: 6/6
   188 | D:1      | Reached skill level 1 in Short Blades
   736 | D:2      | Noticed Terence
   738 | D:2      | Killed Terence
   739 | D:2      | Reached skill level 1 in Fighting
   739 | D:2      | Reached XP level 3. HP: 18/18 MP: 7/7
   941 | D:2      | Noticed Robin
   970 | D:2      | Reached XP level 4. HP: 15/22 MP: 4/8
  1026 | D:2      | Killed Robin
  1518 | D:3      | Reached XP level 5. HP: 26/26 MP: 9/9
  1524 | D:3      | Identified the ring of Zoviuf {rC+ Int+6 SInv Stlth+}
  1547 | D:3      | Identified the +1 quarterstaff of Cocytus {vamp, *Rage
                  | rPois Will- Str+8}
  2124 | D:3      | Found a runed translucent door.
  2125 | D:3      | Noticed Crazy Yiuf
  2136 | D:3      | Killed Crazy Yiuf
  2137 | D:3      | Reached skill level 2 in Fighting
  2451 | D:4      | Reached XP level 6. HP: 22/32 MP: 10/10
  2464 | D:4      | Found a radiant altar of Vehumet.
  2464 | D:4      | Found an ancient bone altar of Kikubaaqudgha.
  2464 | D:4      | Found an iron altar of Okawaru.
  2464 | D:4      | Found a white marble altar of Elyvilon.
  2464 | D:4      | Found a shimmering blue altar of Sif Muna.
  2464 | D:4      | Found a radiant altar of Vehumet.
  2918 | D:4      | Found a stormy altar of Qazlal.
  2974 | D:4      | Reached skill level 5 in Stealth
  3006 | D:4      | Reached skill level 3 in Fighting
  3006 | D:4      | Reached XP level 7. HP: 36/36 MP: 11/11
  3303 | D:4      | Reached skill level 5 in Short Blades
  3515 | D:5      | Entered Level 5 of the Dungeon
  3515 | D:5      | Noticed Duvessa
  3624 | D:5      | Found a staircase to the Ecumenical Temple.
  3632 | Temple   | Entered the Ecumenical Temple
  3791 | D:5      | Reached skill level 4 in Fighting
  3807 | D:5      | Gained mutation: You have razor-sharp teeth. [Vine Stalker
                  | growth]
  3807 | D:5      | Reached XP level 8. HP: 39/42 MP: 12/12
  3839 | D:5      | You fall into a shaft and drop 3 floors!
  3839 | D:8      | Found a transporter.
  3852 | D:8      | Found a hide-covered altar of Uskayaw.
  3887 | D:8      | Became a worshipper of Uskayaw the Reveller
  3923 | D:6      | Reached * piety under Uskayaw
  4023 | D:5      | Reached ** piety under Uskayaw
  4432 | D:5      | Found Qalowkuu's Antique Weapon Boutique.
  4558 | D:5      | Noticed Dowan
  4571 | D:5      | Killed Duvessa
  4574 | D:5      | Killed Dowan
  4574 | D:5      | Reached *** piety under Uskayaw
  4692 | D:6      | Found a bloodstained altar of Trog.
  5048 | D:6      | Reached skill level 5 in Fighting
  5112 | D:6      | Reached skill level 1 in Invocations
  5202 | D:6      | Reached XP level 9. HP: 42/47 MP: 11/13
  5306 | D:6      | Noticed Blork the orc
  5320 | D:6      | Killed Blork the orc
  5577 | D:7      | Reached **** piety under Uskayaw
  5647 | D:7      | Noticed Maurice
  5696 | D:7      | Killed Maurice
  5727 | D:7      | Noticed Maggie
  6003 | D:7      | Noticed a hornet
  6070 | D:7      | Killed Maggie
  6262 | D:7      | Killed a hornet
  6263 | D:7      | Reached skill level 6 in Fighting
  6331 | D:8      | Found Hangosid's Assorted Antiques.
  6336 | D:8      | Bought a scroll of teleportation for 60 gold pieces
  6421 | D:8      | Noticed a two-headed ogre
  6455 | D:8      | Noticed Amaemon
  6456 | D:8      | Killed a two-headed ogre
  6457 | D:8      | Reached XP level 10. HP: 53/53 MP: 14/14
  6462 | D:8      | Noticed an orange demon
  6472 | D:8      | Killed an orange demon
  6478 | D:8      | Reached ***** piety under Uskayaw
  6487 | D:8      | Killed Amaemon
  6633 | D:8      | Found a glowing silver altar of Zin.
  6724 | D:8      | Found a transporter.
  6807 | D:8      | Found a transporter.
  6944 | D:8      | Found a transporter.
  7090 | D:9      | Noticed Joseph
  7113 | D:9      | Killed Joseph
  7114 | D:9      | Reached skill level 5 in Invocations
  7300 | D:9      | Paralysed by a hornet for 3 turns
  7394 | D:9      | Noticed a two-headed ogre
  7395 | D:9      | Noticed Pikel
  7410 | D:9      | Killed a two-headed ogre
  7411 | D:9      | Reached skill level 7 in Fighting
  7411 | D:9      | Reached skill level 10 in Short Blades
  7619 | D:9      | Reached XP level 11. HP: 58/58 MP: 16/16
  7965 | D:9      | Killed Pikel
  8008 | D:10     | Entered Level 10 of the Dungeon
  8008 | D:10     | Found Mueleohy's General Store.
  8066 | D:10     | Reached skill level 8 in Fighting
  8105 | D:10     | Reached skill level 10 in Stealth
  8426 | D:10     | Found Teniriam's Assorted Antiques.
  8850 | D:11     | Reached skill level 9 in Fighting
  8936 | D:11     | Noticed a death yak
  8937 | D:11     | Found a staircase to the Lair.
  8937 | D:11     | Noticed a death yak
  8993 | D:11     | Noticed a death yak
  9035 | D:11     | Noticed a deep elf pyromancer
  9036 | D:11     | Noticed a two-headed ogre
  9037 | D:11     | Killed a deep elf pyromancer
  9053 | D:11     | Killed a two-headed ogre
  9160 | D:11     | Found a frozen archway.
  9339 | D:11     | Reached XP level 12. HP: 60/67 MP: 17/19
  9564 | D:11     | Reached skill level 1 in Armour
  9565 | D:11     | Killed a death yak
  9724 | D:12     | Reached skill level 10 in Fighting
  9749 | D:12     | Noticed a boulder beetle
  9769 | D:12     | Killed a boulder beetle
  9771 | D:12     | Noticed a two-headed ogre
  9847 | D:12     | Identified the +9 whip of Ewiwne {heavy, MP+9 SInv}
  9955 | D:12     | Noticed a two-headed ogre
  9961 | D:12     | Killed a two-headed ogre
 10384 | D:12     | Identified the +0 leather armour "Qycigoff" {rF- Will++
                  | rCorr}
 10646 | D:12     | Killed a two-headed ogre
 10932 | D:12     | Found a staircase to the Orcish Mines.
 11005 | D:12     | Reached skill level 10 in Invocations
 11133 | Lair:1   | Entered Level 1 of the Lair of Beasts
 11684 | Lair:1   | Found a dark tunnel.
 11988 | Lair:2   | Reached XP level 13. HP: 15/73 MP: 10/21
 12134 | Lair:2   | Reached skill level 11 in Fighting
 12155 | Lair:2   | Noticed Nergalle
 12232 | Lair:2   | Reached skill level 5 in Dodging
 12485 | Lair:2   | Reached skill level 5 in Armour
 12886 | Lair:2   | Killed Nergalle
 13423 | Lair:3   | Reached skill level 1 in Shields
 13837 | Lair:3   | Found a hole to the Spider Nest.
 14985 | Lair:4   | Reached XP level 14. HP: 79/79 MP: 22/22
 15070 | Lair:4   | You fall into a shaft and drop 1 floor!
 15070 | Lair:5   | Entered Level 5 of the Lair of Beasts
 15097 | Lair:5   | Found a large runed translucent door.
 15097 | Lair:5   | Found a large runed translucent door.
 15169 | Lair:5   | Reached ****** piety under Uskayaw
 15218 | Lair:5   | Reached skill level 12 in Fighting
 15929 | Lair:4   | Found a viscous altar of Jiyva.
 15931 | Lair:4   | Found a staircase to the Slime Pits.
 17510 | Lair:5   | Reached XP level 15. HP: 72/85 MP: 22/24
 17893 | Orc:1    | Entered Level 1 of the Orcish Mines
 17936 | Orc:1    | Noticed Snorg
 17957 | Orc:1    | Killed Snorg
 18524 | Orc:2    | Entered Level 2 of the Orcish Mines
 18524 | Orc:2    | Found a staircase to the Elven Halls.
 18533 | Orc:2    | Noticed Rupert
 18688 | Orc:1    | Killed Rupert
 18783 | Orc:2    | Found Ythien's Antique Weapon Shoppe.
 19057 | Orc:2    | Found Qotupioso's Jewellery Boutique.
 19229 | Orc:2    | Found Maisuedo's Antique Armour Emporium.
 19608 | Orc:2    | Noticed Azrael
 20190 | D:13     | Reached skill level 13 in Fighting
 20378 | D:8      | Bought a crude quick blade for 400 gold pieces
 20378 | D:8      | Identified the +9 quick blade of Dishonesty {freeze, rPois
                  | rF+ Int+7} (You bought it in a shop on level 8 of the
                  | Dungeon)
 21250 | D:14     | Noticed a frost giant
 21276 | D:14     | Killed a frost giant
 21339 | D:14     | Identified the +0 ring mail "Jane Ott" {rCorr Dex+5}
 21876 | D:14     | Reached XP level 16. HP: 91/91 MP: 26/26
 21884 | D:14     | Found Gaunubit's Jewellery Shop.
 21885 | D:14     | Noticed Agnes
 22223 | D:15     | Entered Level 15 of the Dungeon
 22308 | D:15     | Found a staircase to the Depths.
 22815 | D:15     | Identified the +0 robe of Juogyat {rF- Int+7}
 23516 | Spider:1 | Entered Level 1 of the Spider Nest
 23561 | Spider:2 | Noticed Donald
 23633 | Spider:4 | Entered Level 4 of the Spider Nest
 24044 | Spider:4 | Reached skill level 15 in Stealth
 24186 | Spider:4 | Reached skill level 14 in Fighting
 24644 | Spider:4 | Reached XP level 17. HP: 96/97 MP: 28/28
 24819 | Spider:4 | Reached skill level 10 in Dodging
 24837 | Spider:4 | Got a gossamer rune of Zot
 24853 | Spider:4 | Got a milky-white gem with 1065 turns to spare
 25102 | Shoals:1 | Entered Level 1 of the Shoals
 25114 | Shoals:1 | Found Ukhlateh's Distillery.
 25130 | Shoals:1 | Bought 2 potions of invisibility for 304 gold pieces
 25130 | Shoals:1 | Bought a potion of magic for 152 gold pieces
 25130 | Shoals:1 | Bought a potion of curing for 57 gold pieces
 25130 | Shoals:1 | Bought a potion of cancellation for 152 gold pieces
 25148 | Shoals:1 | Identified the serpent talisman of Vit Qint {Dex+2 Stlth+}
 25148 | Shoals:1 | Noticed Aizul
 25163 | Shoals:1 | Killed Aizul
 25261 | Shoals:1 | Reached skill level 10 in Armour
 25704 | Shoals:3 | Paralysed by a formless jellyfish for 1 turns
 25708 | Shoals:2 | Paralysed by a formless jellyfish for 1 turns
 26150 | Shoals:4 | Entered Level 4 of the Shoals
 26204 | Shoals:4 | Reached skill level 15 in Fighting
 26379 | Shoals:4 | Got a barnacled rune of Zot
 26381 | Shoals:4 | Got an azure gem with 525 turns to spare
 26603 | Shoals:4 | Noticed Mara
 26678 | Shoals:3 | Reached XP level 18. HP: 104/104 MP: 30/30
 26868 | Shoals:2 | Lost the azure gem through the power of Zot.
 27128 | Shoals:4 | Got the Octavo of Crystallized Impurities
 27409 | Shoals:1 | Reached skill level 15 in Invocations
 28277 | D:13     | Identified the +2 war axe "Orb Guardian's Peril" {flame,
                  | ^Fragile rF++}
 28327 | D:13     | Found a gate to the Vaults.
 28401 | Vaults:1 | Entered Level 1 of the Vaults
 29201 | Vaults:1 | Found Siemody's Antique Weapon Boutique.
 29743 | Vaults:2 | Noticed a bone dragon
 29763 | Vaults:2 | Killed a bone dragon
 29764 | Vaults:2 | Reached skill level 16 in Fighting
 29783 | Vaults:2 | Found a staircase to the Crypt.
 29936 | Vaults:2 | Paralysed by a formless jellyfish for 1 turns
 29941 | Vaults:2 | Identified the +1 hand axe of Wu Jian, Winnowing {elec,
                  | ^Drain Dex+4 SInv}
 30403 | Vaults:2 | Reached XP level 19. HP: 81/110 MP: 32/32
 30644 | Vaults:2 | Found Wyfuuxt's Book Emporium.
 31312 | Vaults:3 | Noticed Saint Roka
 31729 | Vaults:3 | Killed Saint Roka
 31793 | Vaults:3 | You fall into a shaft and drop 1 floor!
 31833 | Vaults:4 | Reached skill level 17 in Fighting
 31999 | Vaults:4 | Found a flickering gateway to a bazaar.
 32011 | Bazaar   | Entered a bazaar
 32011 | Bazaar   | Found Hoosost's General Store.
 32011 | Bazaar   | Found Caahiot's General Store.
 32014 | Bazaar   | Bought a scroll of teleportation for 30 gold pieces
 32014 | Bazaar   | Bought a ring of poison resistance for 200 gold pieces
 32032 | Bazaar   | Found Tamiq's General Store.
 32032 | Bazaar   | Found Xitiwog's General Store.
 32039 | Bazaar   | Bought a scroll of teleportation for 36 gold pieces
 32039 | Bazaar   | Bought a scroll of revelation for 90 gold pieces
 32054 | Bazaar   | Found Yreoluh's General Store.
 32054 | Bazaar   | Found Xeil Comn's General Store.
 32065 | Bazaar   | Bought the +2 pair of boots of Nodweagh {Regen+ Dex+4} for
                  | 388 gold pieces
 32065 | Bazaar   | Bought 2 potions of curing for 78 gold pieces
 32065 | Bazaar   | Bought a scroll of blinking for 97 gold pieces
 32065 | Bazaar   | Bought a scroll of teleportation for 39 gold pieces
 32065 | Bazaar   | Bought a scroll of teleportation for 39 gold pieces
 32065 | Bazaar   | Bought a potion of curing for 39 gold pieces
 32065 | Bazaar   | Bought a +0 buckler of reflection for 110 gold pieces
 32098 | Bazaar   | Found Cyiclos's General Store.
 32098 | Bazaar   | Found Duirhufi's General Store.
 32105 | Bazaar   | Bought a potion of curing for 39 gold pieces
 32109 | Bazaar   | Bought a scroll of blinking for 82 gold pieces
 32109 | Bazaar   | Bought a scroll of enchant armour for 82 gold pieces
 32109 | Bazaar   | Bought a scroll of enchant weapon for 82 gold pieces
 32157 | Vaults:3 | Found Feqoxt's Magic Scroll Emporium.
 32239 | Vaults:3 | Bought a scroll of teleportation for 48 gold pieces
 32239 | Vaults:3 | Bought a scroll of acquirement for 832 gold pieces
 32239 | Vaults:3 | Bought a scroll of summoning for 152 gold pieces
 32239 | Vaults:3 | Bought a scroll of fog for 64 gold pieces
 32245 | Vaults:3 | Acquired 879 gold pieces
 32384 | Vaults:3 | Noticed Zenata
 32396 | Vaults:3 | Killed Zenata
 32440 | Vaults:3 | Identified the +2 scale mail "Gumeazxo" {rElec Slay+3}
 32908 | Vaults:3 | Reached XP level 20. HP: 117/117 MP: 33/33
 33479 | Vaults:4 | Found the +5 glaive of the Guard {elec, spectral}
 33481 | Vaults:4 | Reached skill level 1 in Shapeshifting
 33614 | Vaults:4 | Noticed an ancient lich
 33622 | Vaults:4 | Killed an ancient lich
 33638 | Vaults:4 | HP: 5/119 [titan/bolt of lightning (9)]
 33644 | Vaults:4 | HP: 2/119 [titan (9)]
 34066 | Vaults:4 | Reached skill level 18 in Fighting
 34728 | Depths:1 | Entered Level 1 of the Depths
 34815 | Depths:2 | Found a one-way gate leading to the halls of Pandemonium.
 35058 | Depths:3 | Reached XP level 21. HP: 114/123 MP: 32/35
 35140 | Depths:4 | Entered Level 4 of the Depths
 35189 | Depths:4 | Noticed a golden dragon
 35194 | Depths:4 | Killed a golden dragon
 35291 | Depths:4 | Reached skill level 5 in Shapeshifting
 35809 | Depths:4 | Noticed a caustic shrike
 35811 | Depths:4 | Noticed a caustic shrike
 35823 | Depths:4 | Killed a caustic shrike
 35936 | Depths:4 | Noticed a caustic shrike
 36131 | Depths:4 | Noticed a golden dragon
 36160 | Depths:4 | Killed a caustic shrike
 36170 | Depths:4 | Noticed a caustic shrike
 36176 | Depths:4 | Killed a golden dragon
 36188 | Depths:4 | Killed a caustic shrike
 36288 | Depths:4 | Noticed a golden dragon
 36299 | Depths:4 | Killed a golden dragon
 36373 | Depths:4 | Killed a caustic shrike
 36402 | Depths:4 | Found a gate to the Realm of Zot.
 36411 | Depths:4 | Got a midnight gem with 1392 turns to spare
 36748 | Depths:1 | Reached skill level 19 in Fighting
 37214 | Depths:1 | Found a one-way gateway to a ziggurat.
 37296 | Depths:1 | You fall into a shaft and drop 1 floor!
 37632 | Depths:2 | Found a gateway to Hell.
 37675 | Depths:2 | Identified the +6 rapier "Newt's Demise" {flame, Dex+2}
 37720 | Depths:2 | Reached XP level 22. HP: 131/131 MP: 36/36
 37726 | Depths:2 | Found Xosmaete's Pet Rocks.
 37845 | Depths:2 | Lost the midnight gem through the power of Zot.
 37888 | Depths:2 | Found a glowing golden altar of the Shining One.
 38054 | Depths:2 | Identified the +4 kite shield of Amurches {Harm Slay+3}
 39631 | Depths:3 | Reached skill level 10 in Shapeshifting
 39661 | Depths:3 | Reached skill level 20 in Fighting
 40098 | Depths:3 | Found a one-way gate to the infinite horrors of the Abyss.
 41252 | Elf:1    | Entered Level 1 of the Elven Halls
 41590 | Elf:1    | Reached XP level 23. HP: 135/138 MP: 36/38
 42342 | Elf:3    | Entered Level 3 of the Elven Halls
 42377 | Elf:3    | Found Ujieris's Book Shoppe.
 42548 | Elf:3    | Paralysed by an air elemental for 1 turns
 42553 | Elf:3    | Paralysed by an air elemental for 1 turns
 42556 | Elf:3    | Paralysed by an air elemental for 1 turns
 42623 | Elf:3    | Got the Secrets of the Excruciating Tundra
 42946 | Elf:3    | Reached skill level 21 in Fighting
 43011 | Elf:3    | Identified the +5 lajatang of the Distant Future {vamp,
                  | +Blink rN+++ SInv}
 43011 | Elf:3    | Identified the +3 leather armour of Marbles {Rampage}
 43233 | Elf:3    | Found the +1 robe of Vines {NoPotionHeal Regen++++}
 43238 | Elf:3    | Identified the +4 long sword "Plog" {antimagic, +Blink
                  | Str-3 Int+2}
 43238 | Elf:3    | Identified the orb "Vehef" {light, ^Contam Regen+ Int+9
                  | Slay+2}
 43249 | Elf:3    | Got the Essays on Haze
 43285 | Elf:3    | Identified the +0 robe of the Cartwright {Rampage rPois
                  | Str+8 Dex-2}
 43302 | Elf:3    | Identified the +3 sling of Darkness {drain, rElec}
 43315 | Elf:3    | Identified the +3 mace "Bapsajoj" {vamp, rCorr}
 43679 | Elf:3    | Upgraded the game from 0.31.0-7-gf635a9b802 to
                  | 0.31.0-9-g3a7656b989
 44090 | Depths:3 | Voluntarily entered the Abyss.
 44116 | Abyss:1  | Gained mutation: You sometimes lose your temper in combat.
                  | [a cacodemon]
 44224 | Abyss:1  | Found a corrupted altar of Lugonu.
 44289 | Abyss:1  | Found a corrupted altar of Lugonu.
 44371 | Abyss:1  | Found a corrupted altar of Lugonu.
 44386 | Abyss:1  | Paralysed by accursed screaming for 1 turns
 44755 | Abyss:1  | Found a corrupted altar of Lugonu.
 44909 | Abyss:2  | Found a shimmering blue altar of Sif Muna.
 45028 | Abyss:2  | Gained mutation: You are agile. (Dex +4, Str/Int -1) [a
                  | neqoxec]
 45041 | Abyss:2  | Found a shimmering blue altar of Sif Muna.
 45081 | Abyss:2  | Identified the amulet of Sycsas {RegenMP rN+}
 45461 | Abyss:3  | Found a corrupted altar of Lugonu.
 45538 | Abyss:3  | Reached XP level 24. HP: 135/145 MP: 38/38
 45852 | Abyss:3  | Reached skill level 15 in Shapeshifting
 46119 | Abyss:3  | Found a corrupted altar of Lugonu.
 46192 | Abyss:3  | Found a corrupted altar of Lugonu.
 46227 | Abyss:3  | Found a corrupted altar of Lugonu.
 46229 | Abyss:3  | Gained mutation: You are frail. (-10% HP) [a neqoxec]
 46518 | Abyss:3  | Lost mutation: You sometimes lose your temper in combat.
                  | [potion of mutation]
 46518 | Abyss:3  | Lost mutation: You are frail. (-10% HP) [potion of
                  | mutation]
 46518 | Abyss:3  | Lost mutation: You are agile. (Dex +4, Str/Int -1) [potion
                  | of mutation]
 46518 | Abyss:3  | Gained mutation: You are dopey. (Int -2) [potion of
                  | mutation]
 47009 | Abyss:3  | Found a corrupted altar of Lugonu.
 47279 | Abyss:3  | Found a corrupted altar of Lugonu.
 48120 | Abyss:3  | Found a basalt altar of Yredelemnul.
 48124 | Abyss:3  | Found a corrupted altar of Lugonu.
 48374 | Abyss:3  | Reached XP level 25. HP: 141/149 MP: 37/38
 48695 | Abyss:3  | Got an abyssal rune of Zot
 48748 | Abyss:3  | Found a corrupted altar of Lugonu.
 48931 | Abyss:4  | Noticed a dread lich
 48984 | Depths:3 | Escaped the Abyss
 49290 | Slime:1  | Entered Level 1 of the Pits of Slime
 49778 | Slime:5  | Entered Level 5 of the Pits of Slime
 50024 | Slime:5  | Noticed the Royal Jelly
 50036 | Slime:5  | Killed the Royal Jelly
 50329 | Slime:5  | HP: 7/149 [acid[the Royal Jelly] (1)]
 50331 | Slime:5  | HP: 2/149 [acid blob[the Royal Jelly] (9)]
 50338 | Slime:5  | HP: 7/149 [rockslime (9)]
 50602 | Slime:5  | Paralysed by a formless jellyfish for 1 turns
 50643 | Slime:5  | Identified the +1 helmet of Uruh {rN+ Int+3}
 50665 | Slime:5  | Identified the ring of Xoiczaisk {Fly rPois rN+ Str+3}
 50705 | Slime:5  | Identified the ring "Ivowaim" {*Corrode rN+++ Str+6 Dex+4}
 50710 | Slime:5  | Got the Elucidation of the Star-crossed Congregation
 50728 | Slime:5  | Identified the +3 broad axe "Fatauc" {holy, rPois Will-
                  | rCorr Dex-2}
 50731 | Slime:5  | Identified the staff of Weaghi {Str+5 Int-2 Conj Ice}
 50761 | Slime:5  | Got a slimy rune of Zot
 51372 | Crypt:1  | Entered Level 1 of the Crypt
 51553 | Crypt:2  | Noticed Mennas
 51579 | Crypt:1  | Identified the +0 robe of Gatz {rElec rF+ Str+2 Dex-2}
 51878 | Crypt:2  | Identified the amulet "Veguohul" {-Cast rN++ Regen+}
 51887 | Crypt:3  | Entered Level 3 of the Crypt
 52124 | Crypt:3  | Reached skill level 22 in Fighting
 52389 | Crypt:3  | Reached XP level 26. HP: 151/158 MP: 36/38
 52428 | Crypt:3  | Noticed Jory
 52431 | Crypt:3  | Killed Jory
 52437 | Crypt:3  | Got an ivory gem with 841 turns to spare
 52587 | Crypt:3  | Found the +8 Vampire's Tooth {megavamp}
 53133 | Crypt:3  | Reached skill level 23 in Fighting
 53322 | Crypt:3  | Lost the ivory gem through the power of Zot.
 53408 | Crypt:3  | Found an ancient bone altar of Kikubaaqudgha.
 53452 | Crypt:3  | Got the Omnibus of Rot
 53510 | Crypt:3  | Found a staircase to the Tomb.
 53517 | Tomb:1   | Entered Level 1 of the Tomb of the Ancients
 53545 | Crypt:3  | Found a runed translucent door.
 53545 | Crypt:3  | Noticed Vailuoroe's ghost (veteran GrEE)
 53594 | Crypt:3  | Identified the +5 whip "Paes" {vamp, rPois rF- rC++ Str+3}
 53632 | Crypt:1  | Noticed Vv
 53830 | Vaults:5 | Entered Level 5 of the Vaults
 54183 | Zot:1    | Entered Level 1 of the Realm of Zot
 56406 | Zot:2    | Noticed a Killer Klown
 56406 | Zot:2    | Noticed a Killer Klown
 56406 | Zot:2    | Noticed a Killer Klown
 56440 | Zot:2    | HP: 6/160 [Killer Klown/klown pie (18)]
 56444 | Zot:2    | HP: 2/160 [Killer Klown/+11 club of pain (4)]
 56447 | Zot:2    | Slain by a Killer Klown

Illustrated notes

Levels and vault maps discovered:
D:1:      amcnicky_arrival_underground_garden, layout_basic
D:2:      layout_basic, minmay_quadrilaterals, uniq_terence, uniq_robin
D:3:      kennysheep_the_goblin_king, layout_rooms, minivault_5,
          uniq_crazy_yiuf_cottage
D:4:      cheibrodos_fertilizer, layout_gridville,
          nicolae_qazlal_scattered_showers
D:5:      layout_basic, minmay_temple_entry_overgrown, serial_shops,
          kennysheep_mini, minmay_checkerbox, uniq_duvessa
D:6:      layout_loops_ring, old_standard_altar, portal_sewer_entry_d,
          uniq_blork_the_orc
D:7:      layout_cave_pools, enter_bailey_8, grunt_ministairs_11,
          kennysheep_generic_room_3, uniq_maggie, uniq_maurice
D:8:      layout_basic, lemuel_coloured_pillars_altar, lemuel_tele_altar,
          serial_shops, nicolae_shop_rolling_square,
          nicolae_transporter_intersection, uniq_amaemon
D:9:      layout_loops_ring, uniq_joseph, uniq_pikel
D:10:     layout_basic, serial_shops, shop, nicolae_square_shop,
          hangedman_decor_peaks_small, kennysheep_generic_room_9
D:11:     layout_roguey, dpeg_lair_monsters, portal_ice_cave_entry_imps
D:12:     layout_loops_corners, erik_orc_2
D:13:     minmay_tri_box, layout_loops_cross, grunt_vaults_entry_tiered
D:14:     minmay_bad_star, layout_layer_cave, nrook_campfire, serial_shops,
          nicolae_shop_gaudy_bauble, uniq_agnes
D:15:     hellmonk_depths_entry_around_the_bend, layout_loops_ring,
          serial_library_hellmonk_filled_rooms
Temple:   regret_index_temple_mists
Lair:1:   layout_gridlike, nicolae_volcano_entry_hallway
Lair:2:   layout_hall_layers, nicolae_shoals_entry_flooding,
          minmay_stone_trees_medium, serial_bayou_shore_b, uniq_nergalle
Lair:3:   layout_cave_pods, nicolae_spider_entry_tight_spaces, serial_rivers,
          chequers_serial_rivers_room_b, chequers_serial_rivers_micro_b,
          chequers_serial_rivers_large_b, chequers_serial_rivers_small_b,
          chequers_serial_rivers_micro_a, st_stairs_10
Lair:4:   layout_regular_city, slime_entry_2, st_stairs_4, disabler_island
Lair:5:   cheibrodos_lair_end_hotspot, layout_cave_shapes,
          small_statue_intersection
Shoals:1: layout_shoals, serial_shops, shop, uniq_aizul
Shoals:2: layout_shoals, nicolae_shoals_hunting_party
Shoals:3: layout_shoals, nicolae_shoals_former_cling_ruins,
          nicolae_shoals_water_shrine
Shoals:4: shoals_end_simple, layout_shoals, nicolae_shoals_kraken_intersection,
          uniq_mara
Spider:1: layout_spider_delve, nicolae_spider_jagged_tunnels, uniq_mlioglotl
Spider:2: layout_spider_delve, nicolae_spider_bug_shape,
          hangedman_spider_tarantella_strand, uniq_arachne, uniq_donald
Spider:3: layout_cave_pods, gammafunk_ghost_mausoleum, drop_trap
Spider:4: floodkiller_spider_rune_tomb
Slime:1:  layout_caves
Slime:2:  layout_caves
Slime:3:  layout_caves, cheibrodos_slime_lost_civilization_7
Slime:4:  layout_caves, uniq_dissolution
Slime:5:  slime_pit_nicolae_trefoil
Orc:1:    layout_caves, basic_altar, lemuel_statue_altar, uniq_snorg
Orc:2:    grunt_orc_gardens, layout_caves, grunt_orc_garden, grunt_orc_garden,
          grunt_orc_garden, grunt_orc_garden, basic_altar, uniq_azrael,
          uniq_rupert
Elf:1:    eino_elf_arrival_the_gate, layout_gridlike, minivault_28
Elf:2:    nicolae_elf_blades_crystal_corner, layout_onion_city, minivault_16,
          uniq_nikola
Elf:3:    minmay_elf_hall_dome, layout_geoelf_octagon, serial_shops, shop,
          serial_sigils_hangedman_scratch, nrook_loot_triangle,
          nicolae_elf_deep_mausoleum
Vaults:1: vaults_dpeg_ring, serial_library_hellmonk_angled_corner,
          ontoclasm_vaults_decontamination, nicolae_vaults_trapezoid_4,
          nicolae_vaults_shipping_containers_3, nicolae_vaults_tetromino_T_1,
          nicolae_vaults_tetromino_Z_2, nicolae_vaults_stepped_doors,
          layout_vaults_quadrants, serial_shops, shop
Vaults:2: nicolae_vaults_turnstiles, nicolae_vaults_apartment_2,
          vaults_room_door_hall, nicolae_vaults_ellipses_ellipsis,
          nicolae_vaults_steering_wheel,
          nicolae_vaults_antechamber_and_loot_room,
          nicolae_vaults_yaktaur_gun_rack, minmay_crypt_entry_nasty_monster,
          nicolae_vaults_storage_room_statues, v_misc_1, ontoclasm_vaults_tryst,
          layout_vaults_maze_snakey, serial_shops,
          nicolae_shop_competitors_out_of_business
Vaults:3: v_pattern_5, nicolae_vaults_frosty_reception,
          nicolae_vaults_corridor_and_loot_room, ontoclasm_vaults_hangar,
          v_misc_4, nicolae_vaults_little_squares_4, v_misc_18, v_misc_2,
          vaults_dpeg_emergency_exit, nicolae_vaults_diagonal_hallway_9,
          hangedman_vaults_corner, nicolae_vaults_prndl, layout_vaults_omnibox,
          serial_shops, nicolae_shop_advertising_works
          [nicolae_subvault_shop_adworks], uniq_zenata, uniq_saint_roka,
          uniq_margery
Vaults:4: nicolae_vaults_tetromino_T_1, nicolae_vaults_closet_pinwheel_5,
          nicolae_vaults_specimen_jars, nicolae_vaults_angled_halls, v_misc_33,
          hangedman_vaults_slice, minmay_guarded_unrand_guard,
          nicolae_vaults_variable_pillar_hall, nicolae_vaults_house_1,
          vaults_mumra_minichess_inversion, hangedman_vaults_capsules,
          nicolae_vaults_double_plus_2, layout_vaults_omnicross, serial_shops,
          bzr_firewalk
Vaults:5: serial_shops
Crypt:1:  layout_chaotic_city, uniq_vv, uniq_boris, uniq_khufu
Crypt:2:  layout_rooms, grunt_ministairs_12, minivault_24, uniq_mennas
Crypt:3:  due_elkab, layout_chaotic_city, nicolae_tomb_entry_rubble_hallway,
          gammafunk_ghost_grave, weyrava_vampire_temple
Tomb:1
Depths:1: layout_honeycomb, enter_ziggurat_f, grunt_hell_entry_dis_grunt,
          minmay_misc_feat_secret_circle, grunt_decor_resistance, moated_statue,
          abandoned_shop, minmay_pinched_square
Depths:2: nicolae_cairo_tiling_very_big, layout_long_grid, hell_entry,
          nicolae_tso_swordbearing_angel, pan_entry, solitary_fountain,
          guppyfry_shop_earth
Depths:3: minmay_quantized_circle, layout_honeycomb, roderic_lattice_a,
          hangedman_abyss_entry_splay, lightli_too_deep
Depths:4: grunt_runaround [grunt_runaround_zot, grunt_runaround_doors_1,
          grunt_runaround_doors_2, grunt_runaround_doors_3,
          grunt_runaround_doors_4], serial_shops, hell_entry
Zot:1:    layout_misc_corridors
Zot:2:    layout_cathedral_of_symmetry, drop_trap, grunt_megastairs_4

Skill      XL: |  1  2  3  4  5  6  7  8  9 10 11 12 13 14 15 16 17 18 19 20 21 22 23 24 25 26 |
---------------+-------------------------------------------------------------------------------+-----
Short Blades   | 1 2 3 4 5 7 9 10 | 10.0
Fighting       | 1 2 3 4 5 6 7 9 10 11 12 13 14 15 16 17 18 19 20 21 22 23 | 23.2
Stealth        | 3 4 5 7 9 10 12 13 15 17 19 20 21 22 | 22.0
Invocations    | 1 4 5 8 10 11 12 13 14 16 17 18 19 20 | 20.2
Dodging        | 4 6 7 8 9 10 | 10.4
Armour         | 4 6 7 8 9 10 | 10.0
Shields        | 2 4 |  4.0
Shapeshifting  | 4 8 11 14 18 21 22 | 22.8
Spellcasting   | |  2.1
Necromancy     | |  4.0

Action                     |  1- 3 |  4- 6 |  7- 9 | 10-12 | 13-15 | 16-18 | 19-21 | 22-24 | 25-27 || total
---------------------------+-------+-------+-------+-------+-------+-------+-------+-------+-------++-------
  Melee: Dagger            |    58 |   228 |   225 |   673 |  1268 |       |       |       |       ||  2452
         Bite              |    14 |    62 |    74 |   257 |   701 |   970 |  1000 |  1664 |  1368 ||  6110
         Punch             |     1 |     4 |     3 |     6 |     1 |       |       |       |       ||    15
         Quick blade       |       |       |       |       |   255 |  1972 |  1754 |  2764 |  2013 ||  8758
  Throw: Javelin           |       |       |       |       |       |       |       |     3 |       ||     3
         Throwing net      |       |       |       |       |       |       |       |     1 |       ||     1
 Invoke: Grand Finale      |       |       |       |       |     1 |     1 |     2 |     1 |     2 ||     7
         Line Pass         |       |       |       |       |       |       |       |       |     1 ||     1
  Evoke: Wand              |       |       |     8 |    17 |    15 |       |     4 |     1 |     3 ||    48
         Box of beasts     |       |       |       |       |       |     1 |       |       |     1 ||     2
    Use: Scroll            |       |       |    20 |     5 |    17 |    13 |     6 |     6 |    17 ||    84
         Potion            |       |       |       |     1 |     6 |     2 |     6 |     3 |     8 ||    26
   Stab: Sleeping          |     4 |     5 |    16 |    20 |    27 |    41 |    63 |    30 |    37 ||   243
         Distracted        |       |     1 |     1 |     3 |     5 |     4 |     5 |    28 |    12 ||    59
         Paralysed         |       |       |     4 |    36 |    80 |   103 |    99 |   132 |    89 ||   543
         Invisible         |       |       |       |       |     2 |     5 |     5 |       |     4 ||    16
 Armour: Robe              |    10 |       |       |       |       |       |       |       |       ||    10
         Ring mail         |    25 |   116 |    99 |       |       |       |       |       |       ||   240
         Swamp dragon scal |       |       |     7 |   338 |   830 |  1009 |   524 |       |       ||  2708
         Quicksilver drago |       |       |       |       |       |       |   110 |   915 |   814 ||  1839
  Dodge: Dodged            |    24 |    99 |    64 |   180 |   603 |   810 |   529 |   968 |   703 ||  3980
  Block: Buckler           |       |       |       |       |   333 |   370 |   230 |   388 |   293 ||  1614
         Reflection        |       |       |       |       |     1 |       |     7 |     3 |     5 ||    16
